 Dungeon Crawl Stone Soup version 0.31-a0-365-gcf821cafb2 (webtiles) character file.

Game seed: 6129204588353351822

74 EonArisen the Poker (level 4, 0/34 HPs)
             Began as a Demonspawn Gladiator on July 27, 2023.
             Frozen to death by an endoplasm (1 damage)
             ... on level 2 of the Dungeon.
             The game lasted 00:06:22 (584 turns).

EonArisen the Poker (Demonspawn Gladiator)           Turns: 584, Time: 00:06:23

Health: 0/34       AC:  9    Str: 16    XL:     4   Next: 9%
Magic:  4/4        EV: 11    Int: 10    God:
Gold:   27         SH:  0    Dex: 14    Spells: 3/3 levels left

rFire   . . .        a - +0 trident
rCold   . . .        (no shield)
rNeg    + . .        l - +3 ring mail {rN+}
rPois   .            (helmet restricted)
rElec   .            (no cloak)
rCorr   .            (no gloves)
SInv    .            h - +0 pair of boots
Will    .....        (no amulet)
Stlth   +            (no ring)
HPRegen 0.25/turn    (no ring)
MPRegen 0.18/turn

%: no passive effects
@: no status effects
A: antennae 1, magic regeneration, weakness stinger 1
a: no special abilities


You were on level 2 of the Dungeon.
You visited 1 branch of the dungeon, and saw 2 of its levels.

You collected 27 gold pieces.

Inventory:

Hand Weapons
 a - a +0 trident (weapon)
Missiles
 d - a throwing net (quivered)
 e - a javelin
 m - a stone
Armour
 b - a +0 leather armour
 c - a +0 helmet
 h - a +0 pair of boots (worn)
 j - a +0 scale mail
 k - a +0 robe
 l - a +3 ring mail of positive energy (worn)
Scrolls
 g - a scroll of identify {unknown}
Potions
 f - a potion of brilliance {unknown}
 i - a potion of lignification {unknown}


   Skills:
 + Level 2.7 Fighting
 + Level 3.3 Polearms
 + Level 2.2 Throwing
 + Level 0.8 Armour
 + Level 3.2 Dodging


You had 3 spell levels left.
You didn't know any spells.
Your spell library was empty.

Dungeon Overview and Level Annotations

Branches:
Dungeon (2/15)

Altars:


Innate Abilities, Weirdness & Mutations

You have a pair of small antennae on your head.
You regenerate magic rapidly.
You have a small tail.


Message History

The hobgoblin closely misses you.
You barely miss the goblin. You punch the goblin.
The goblin is severely wounded.
The hobgoblin hits you but does no damage.
The endoplasm hits you.
* * * LOW HITPOINT WARNING * * *
The goblin hits you but does no damage.
You barely miss the goblin.
The goblin is severely wounded.
The worm closely misses you. The goblin misses you.
The hobgoblin barely misses you.
The endoplasm hits you but does no damage.
You closely miss the goblin.
The goblin is severely wounded.
The goblin closely misses you.
The hobgoblin hits you but does no damage.
The endoplasm hits you.
* * * LOW HITPOINT WARNING * * *
The worm bites you but does no damage.
You hit the endoplasm.
The endoplasm is moderately wounded.
The goblin hits you but does no damage. The hobgoblin closely misses you.
The endoplasm hits you but does no damage.
You hit the goblin but do no damage.
The goblin is severely wounded.
The goblin hits you but does no damage. The worm barely misses you.
The hobgoblin closely misses you. The endoplasm barely misses you.
You hit the goblin.
You kill the goblin!
The hobgoblin hits you.
* * * LOW HITPOINT WARNING * * *
The endoplasm hits you but does no damage.
The worm misses you.
You completely miss the endoplasm.
You tail-slap the endoplasm, but do no damage.
The endoplasm is moderately wounded.
The hobgoblin hits you but does no damage.
The endoplasm freezes you.
You are frozen.
You die...

. ### ..##..# .......###
......g).###############
.....bJ@................
..>...w##.######.#######
....... #.# #.# .....[.
#.# #.~~.# ....... ..#
#~~~♣~# ....... ...
..~♣~~ ..##..##...
##P..## .: ... .... #..#
.#


You could see a worm, an endoplasm, a hobgoblin and a bat.

Vanquished Creatures
  Terence (D:2)
  3 adders (D:2)
  A worm (D:2)
  A dart slug (D:2)
  A ball python (D:2)
  An endoplasm (D:1)
  3 hobgoblins
  A quokka (D:2)
  3 bats
  3 goblins (D:2)
  A rat (D:1)
19 creatures vanquished.

Notes
Turn   | Place    | Note
-------+----------+-------------------------------------------
     0 | D:1      | EonArisen the Demonspawn Gladiator began the quest for the
                  | Orb.
     0 | D:1      | Reached XP level 1. HP: 16/16 MP: 1/1
   312 | D:2      | Gained mutation: You regenerate magic rapidly. [demonic
                  | ancestry]
   312 | D:2      | Reached XP level 2. HP: 16/23 MP: 2/2
   424 | D:2      | Noticed Terence
   455 | D:2      | Killed Terence
   456 | D:2      | Discovered your monstrous ancestry.
   456 | D:2      | Gained mutation: You have a pair of small antennae on your
                  | head. [demonic ancestry]
   456 | D:2      | Reached XP level 3. HP: 7/28 MP: 3/3
   577 | D:2      | Gained mutation: You have a small tail. [demonic ancestry]
   577 | D:2      | Reached XP level 4. HP: 10/34 MP: 4/4
   583 | D:2      | HP: 1/34 [hobgoblin (4)]
   584 | D:2      | Frozen to death by an endoplasm

Illustrated notes

Levels and vault maps discovered:
D:1:      lightli_arrival_isolated_outpost, layout_rooms
D:2:      layout_loops_ring, st_stairs_5, serial_bayou_pond_d, uniq_jessica,
          uniq_terence

Skill      XL: |  1  2 |
---------------+-------+-----
Throwing       | 2 |  2.2
Polearms       | 3 |  3.3
Dodging        | 3 |  3.2
Fighting       | |  2.7
Armour         | |  0.8

Action                     |  1- 3 |  4- 6 || total
---------------------------+-------+-------++-------
  Melee: Trident           |    87 |     8 ||    95
         Punch             |     2 |     1 ||     3
         Tailslap          |       |     1 ||     1
  Throw: Throwing net      |     2 |       ||     2
 Armour: Leather armour    |    16 |       ||    16
         Ring mail         |    17 |    11 ||    28
  Dodge: Dodged            |    56 |    12 ||    68

Table legend: (Time is in decaauts)
 A = Elapsed time spent in this place.
 B = Non-inter-level travel time spent in this place.
 C = Inter-level travel time spent in this place.
 D = Time resting spent in this place.
 E = Time spent auto-exploring this place.
 F = Levels seen in this place.
 G = Mean time per level.
                   A        B        C        D        E       F      G
               +--------+--------+--------+--------+--------+-----+--------+
         Total |    598 |    581 |     17 |     48 |      0 |   2 |  299.0 |
       Dungeon |    598 |    581 |     17 |     48 |      0 |   2 |  299.0 |
               +--------+--------+--------+--------+--------+-----+--------+

Top non-repeatable levels by time:
     D:1: 307 daAuts
     D:2: 290 daAuts
